 Dungeon Crawl Stone Soup version 0.25-a0-547-g27a0b5d (webtiles) character file.

Game seed: 12423084669305130492, levelgen mode: deterministic

12 Faels the Ducker (level 2, -2/14 HPs)
             Began as a Felid Berserker on Feb 21, 2020.
             Was a Follower of Trog.
             Slain by a hobgoblin (4 damage)
             ... on level 1 of the Dungeon.
             The game lasted 00:01:47 (715 turns).

Faels the Ducker (Felid Berserker)                   Turns: 715, Time: 00:01:48

Health: -2/14      AC:  1    Str: 13    XL:     2   Next: 20%
Magic:  3/3        EV: 19    Int:  8    God:    Trog [*.....]
Gold:   126        SH:  0    Dex: 15    Spells: 1/1 levels left
                                        Lives:  0   Deaths: 0

rFire    + . .     SeeInvis +     - Unarmed
rCold    . . .     Gourm    .   (shield unavailable)
rNeg     . . .     Faith    .   (armour unavailable)
rPois    .         Spirit   .   (helmet unavailable)
rElec    .         Reflect  .   (cloak unavailable)
rCorr    .         Harm     .   (gloves unavailable)
MR       .....                  (boots unavailable)
Stlth    ++........             (no amulet)
HPRegen  0.04/turn              c - ring of protection from fire
MPRegen  0.08/turn              (no ring)

@: quick
A: very small, no armour, no weapons or thrown items, stealth, claws 1, fangs 3,
see invisible, carnivore, speed 1, shaggy fur 1, slow metabolism 1, sharp paws
a: Berserk, Renounce Religion


You were on level 1 of the Dungeon.
You worshipped Trog.
Trog was aware of your devotion.
You were not hungry.

You visited 1 branch of the dungeon, and saw 1 of its levels.

You collected 126 gold pieces.

Inventory:

Jewellery
 c - a ring of protection from fire (left paw)
Scrolls
 b - 2 scrolls of remove curse {unknown}
 e - a scroll of magic mapping {unknown}
 h - a scroll of identify {unknown}
Potions
 d - a potion of might {unknown}
 f - a potion of resistance {unknown}
 g - a potion of mutation {unknown}
Comestibles
 a - 3 rations


   Skills:
 + Level 3.1 Fighting
 + Level 4.2 Dodging
 + Level 1.3 Stealth
 + Level 3.1 Unarmed Combat


You had one spell level left.
You didn't know any spells.
Your spell library was empty.

Dungeon Overview and Level Annotations

Branches:
Dungeon (1/15)

Altars:


Innate Abilities, Weirdness & Mutations

You cannot wear armour.
You are incapable of wielding weapons or throwing items.
Your paws allow you to move quietly. (Stealth)
You have sharp claws.
You have razor-sharp teeth.
You have supernaturally acute eyesight. (SInv)
You are carnivorous and can eat meat at any time.
You cover ground quickly.
You are covered in fur. (AC +1)
You have a slow metabolism.
Your sharp claws are effective at attacking unaware monsters.


Message History

You see here a scroll labeled NONEOKIVAU.
h - a scroll labeled NONEOKIVAU The hobgoblin shouts!
A kobold comes into view. It is wielding a +0 short sword.
You see here 3 gold pieces.
You now have 126 gold pieces (gained 3).
A frilled lizard comes into view.
A hobgoblin comes into view.
The hobgoblin shouts!
The kobold hits you but does no damage.
You scratch the kobold.
The kobold is heavily wounded.
The kobold completely misses you.
The frilled lizard completely misses you.
The kobold closely misses you. The frilled lizard bites you.
The hobgoblin hits you with a +0 club. The hobgoblin hits you with a +0 club.
* * * LOW HITPOINT WARNING * * *
The hobgoblin hits you.
You die...

.######.# #...# #........
........#
#...###..###....
#.#######
#...#....###....
#.#########...#..........
#.#...........'........#
#.#.###########........#
.# #.#.....# #........+.
.# #.#####.#
#####........#.######.#
#.# #.#
#...#.@......#........#
#.# #.#
#...#..g.....###......#
#.# #.#
#...#Klg......g..#.....
#.#####.#
#...#............#....#
#.......#
#................#g.#.#
#########
#.....................#
...#
#...............##.#g##
...#
#...............##.#...
####
#...............#..####


You could see 2 hobgoblins, a kobold and a frilled lizard.

Vanquished Creatures
  2 leopard geckos (D:1)
  A ball python (D:1)
  A giant cockroach (D:1)
  A hobgoblin (D:1)
  2 frilled lizards (D:1)
  2 kobolds (D:1)
  A rat (D:1)
10 creatures vanquished.

Notes
Turn   | Place    | Note
-------+----------+-------------------------------------------
     0 | D:1      | Faels the Felid Berserker began the quest for the Orb.
     0 | D:1      | Reached XP level 1. HP: 10/10 MP: 2/2
   281 | D:1      | Reached skill level 1 in Stealth
   324 | D:1      | Reached XP level 2. HP: 14/14 MP: 3/3
   715 | D:1      | Slain by a hobgoblin

Levels and vault maps discovered:
D:1:      minmay_arrival_up_and_down, layout_basic

Skill      XL: |  1 |
---------------+----+-----
Stealth        | 1 |  1.3
Fighting       | |  3.1
Dodging        | |  4.2
Unarmed Combat | |  3.1

Action                   || total
-------------------------++-------
Melee: Unarmed           ||    20
       Bite              ||     2
Invok: Berserk           ||     1
 Stab: Sleeping          ||     1
  Eat: Chunk             ||     1
Armor: Skin              ||     1
Dodge: Dodged            ||    18

Table legend:
 A = Non-vault XP
 B = Vault XP
 C = Vault XP percentage of total XP
 D = Non-vault monster count
 E = Vault monster count
 F = Vault count percentage of total count
                 A         B        C        D         E       F
            +---------+---------+-------+---------+---------+-------
      Total |      18 |       0 |   0.0 |      10 |       0 |   0.0
            +---------+---------+-------+---------+---------+-------
        D:1 |      18 |       0 |   0.0 |      10 |       0 |   0.0
            +---------+---------+-------+---------+---------+-------
